[Event "Czech Open-Rapid 2022"]
[Site "Pardubice"]
[Date "2022.07.20"]
[Round "1.12"]
[White "Neuman, Petr"]
[Black "Fiala, Jan"]
[Result "1-0"]
[ECO "E91"]
[WhiteElo "2378"]
[BlackElo "2019"]
[Annotator "TA"]
[PlyCount "85"]
[EventDate "2022.07.20"]
[EventType "swiss"]
[EventCountry "CZE"]
[SourceTitle "playchess.com"]
[Source "ChessBase"]
[SourceQuality "1"]
[TimeControl "1200+10"]

1. d4 Nf6 2. c4 g6 3. Nc3 Bg7 4. e4 O-O 5. Nf3 d6 6. Be2 Nbd7 7. Be3 e5 8. d5 b6 {[%emt 0:00:29] E93: King's Indian: Classical: Petrosian System with 7...Nbd7.} 9. Nd2 Ne8 {[%emt 0:00:56] [#]} 10. b4 $146 (10. g4 $16) ({Predecessor:} 10. g4 Nc5 11. b4 Nb7 12. Rg1 Nf6 13. h4 h6 14. g5 hxg5 15. Bxg5 Qd7 16. Bxf6 Bxf6 {1-0 (52) Deveci,S (1922)-Kuefner,M Davos 2020}) 10... f5 {[%emt 0:00:09] And now ...f4 would win. White has an edge.} 11. f3 (11. Nb3 $14) 11... f4 (11... Bh6 $11 12. Bxh6 Qh4+ 13. g3 Qxh6) 12. Bf2 $14 Nef6 ({Black should try} 12... a5 $14) 13. a4 (13. Nb3 $16) 13... g5 (13... a5 $14) 14. a5 $16 Rb8 (14... a6 $16 {was necessary.}) 15. axb6 ({White should play} 15. Nb5 $18) 15... axb6 16. Ra7 Rf7 17. Qa4 {[%emt 0:00:25] White is more active.} Nf8 18. c5 g4 (18... bxc5 $16 {was worth a try.} 19. bxc5 g4) 19. cxb6 $1 $18 cxb6 20. Rxf7 Kxf7 21. Nc4 Kg8 (21... gxf3 $142 22. gxf3 Ne8 23. Qa7+ (23. Rg1 Bh3 $16) 23... Rb7) 22. Nb5 $2 (22. Qa7 $18 N8d7 23. fxg4 (23. Nxd6 Bf8 $16)) 22... g3 $2 (22... Bd7 $14 23. Ncxd6 Ra8) 23. hxg3 fxg3 24. Be3 (24. Ncxd6 gxf2+ 25. Kxf2 Ng6 $15) (24. Bxg3 $18 Bd7 25. Ncxd6) 24... Ne8 (24... Ng6 $16 25. Qa7 (25. Ncxd6 Bd7 $18) (25. Nbxd6 Bf8 $18) 25... Bd7) 25. Na7 Bd7 26. b5 ({But not} 26. Nc6 $6 b5 $18) 26... Ng6 27. Nc6 Bxc6 28. dxc6 (28. bxc6 b5 29. Qa5 bxc4 $17) 28... Nf4 29. Bf1 {[%emt 0:00:26] Strongly threatening Qa7.} d5 30. Nd2 ({White has to play} 30. exd5 $18 {Qc2 is the strong threat.} h6 31. d6 Nxd6 32. Nxe5 $1 Bxe5 33. Bxf4) 30... d4 $2 (30... Ra8 $11 31. Qd1 Nf6) 31. Bxf4 exf4 32. Bc4+ Kh8 33. Ke2 Ra8 34. Qb3 {[%emt 0:00:09] Chess con chili.} Qd6 $2 (34... h6 35. Bd3 Qe7) 35. Bd3 $1 {[%emt 0:00:37][%cal Oh1h7] Threatens to win with Rxh7+!} Be5 (35... h6 $142 36. Qf7 Nc7) 36. Nc4 ({Less strong is} 36. Qf7 Ng7 37. Qb7 Qb8 $18) 36... Qc7 (36... Qe6 37. Rh5 Bc7) 37. Rh5 Bg7 {[%emt 0:00:57] [#]} 38. e5 (38. Nxb6 $142 $1 Rd8 (38... Ra7 39. e5) 39. e5 $1 Bxe5 40. Rxh7+ Qxh7 41. Bxh7 Kxh7 42. Nd7 d3+ 43. Qxd3+ Kh6 44. Nxe5 Rxd3 45. Nxd3) 38... h6 {[%emt 0:00:02] [#]} 39. Bc2 (39. Nxb6 $142 $1 Qxb6 40. Qe6) 39... Bf8 40. Qd3 Qf7 41. Rf5 {[%emt 0:00:02] White mates.} Qg7 {[%emt 0:00:12] [#]} 42. Rxf8+ $1 Qxf8 43. Qh7# {Weighted Error Value: White=0.62/Black=0.93} 1-0

[Event "Czech Open-Rapid 2022"]
[Site "Pardubice"]
[Date "2022.07.20"]
[Round "1.13"]
[White "Brousek, Jan"]
[Black "Dobrowolski, Piotr"]
[Result "0-1"]
[ECO "B21"]
[WhiteElo "1538"]
[BlackElo "2423"]
[Annotator "TA"]
[PlyCount "42"]
[EventDate "2022.07.20"]
[EventType "swiss"]
[EventCountry "CZE"]
[SourceTitle "playchess.com"]
[Source "ChessBase"]
[SourceQuality "1"]
[TimeControl "1200+10"]

1. e4 c5 2. f4 d5 3. exd5 Nf6 4. Nc3 Nxd5 5. Nxd5 Qxd5 6. Qf3 {[%emt 0:00:03] B21: Sicilian: 2 f4 and Morra Gambit.} Qd7 {[%emt 0:00:36] [#]} 7. g3 $146 (7. b3 $14) ({Predecessor:} 7. Bc4 Nc6 8. c3 g6 9. Nh3 Bg7 10. O-O O-O 11. Ng5 Na5 12. Be2 Rb8 13. h4 b6 {0-1 (35) Coburn,J (1833)-Harman,K (2166) Bournemouth 2015}) 7... Nc6 $11 {[%emt 0:00:11] [#] aiming for ...Nd4.} 8. Bb5 {[%emt 0:00:28] Black has an edge.} e6 (8... g6 {feels hotter.} 9. Bxc6 bxc6 10. Qc3 Qd5) 9. Bxc6 bxc6 10. d3 Be7 11. Bd2 (11. Qe2 $142) 11... Bf6 12. Bc3 Bxc3+ 13. bxc3 Rb8 (13... c4 $5) 14. c4 Qd4 15. Rd1 Qc3+ 16. Kf2 O-O 17. Ne2 (17. Rc1 $1 $11) 17... Qxc2 $17 18. Ra1 (18. Rc1 $142 Qa4 19. Rb1) 18... Rd8 19. Rhd1 Qa4 {[%emt 0:00:44] Black is more active.} (19... e5 $142 {White must now prevent ...exf4.} 20. fxe5 h6) 20. Nc3 (20. Rd2 $17) 20... Rb2+ $19 21. Kg1 $2 {[%emt 0:00:04] [#]} (21. Kf1 Qa3 22. Ne4) 21... Qc2 $1 {[%emt 0:00:23][%csl LRc3,LRh2] Weighted Error Value: White=0.77/Black=0.19 (very precise)} 0-1

[Event "Czech Open-Rapid 2022"]
[Site "Pardubice"]
[Date "2022.07.20"]
[Round "1.14"]
[White "Rasik, Vitezslav"]
[Black "Abisso, Filippo"]
[Result "1-0"]
[ECO "B30"]
[WhiteElo "2419"]
[BlackElo "1595"]
[Annotator "TA"]
[PlyCount "56"]
[EventDate "2022.07.20"]
[EventType "swiss"]
[EventCountry "CZE"]
[SourceTitle "playchess.com"]
[Source "ChessBase"]
[SourceQuality "1"]
[TimeControl "1200+10"]

1. e4 c5 2. Nf3 Nc6 3. Bb5 e6 4. O-O Nge7 5. c3 a6 6. Ba4 b5 7. Bc2 Ng6 {[%emt 0:00:43] B30: Sicilian: 2...Nc6 3 Bb5, lines without ...g6.} 8. d4 d5 {[%emt 0:00:41] [#]} ({Better is} 8... cxd4 $14 9. Nxd4 Bb7) 9. dxc5 $146 ({White should play} 9. Re1 $16) ({Predecessor:} 9. exd5 Qxd5 10. c4 bxc4 11. Nc3 Qd6 12. Ne4 Qd7 13. dxc5 f5 14. Nd6+ Bxd6 15. Qxd6 Qxd6 16. cxd6 {1-0 (31) Powierski,E (2286)-Fartmann,B (2059) Bargteheide 2014}) 9... Bxc5 $14 {[%emt 0:00:24] White is slightly better.} 10. exd5 exd5 11. Nbd2 (11. b4 $16 Ba7 12. Re1+ (12. Bg5 Qd6 $14) 12... Be6 13. a4) 11... O-O $11 12. Nb3 Ba7 13. Re1 Bg4 14. h3 Be6 (14... Bxf3 $11 15. Qxf3 Nce5) 15. Ng5 (15. Be3 $16) 15... Qf6 16. Qf3 Qxf3 17. Nxf3 Rfe8 18. Be3 b4 19. Bxa7 (19. Bxg6 {seems wilder.} hxg6 20. Bxa7 Rxa7 21. Nc5) 19... Rxa7 20. cxb4 Nxb4 21. Bxg6 hxg6 22. Nbd4 {[%emt 0:00:06] Against Nc2} Nd3 23. Re2 Nc5 ({Black should try} 23... Bd7 $14) 24. Rc1 Ne4 (24... Nd3 $142 25. Rc6 Bd7 26. Rxe8+ Bxe8) 25. Rec2 Raa8 26. Rc7 Red8 (26... g5 $16 {is a better defense.}) 27. Ne5 Nd6 (27... Re8 $142 28. R1c6 Nf6 29. Nxe6 Rxe6) 28. Nxg6 $18 {[%emt 0:01:10] Pair of Knights!} Rac8 $2 {[%emt 0:00:27] Weighted Error Value: White=0.20 (precise) /Black=0.35} (28... Bd7) 1-0

[Event "Czech Open-Rapid 2022"]
[Site "Pardubice"]
[Date "2022.07.20"]
[Round "1.15"]
[White "Baron, Patrik"]
[Black "Cerveny, Martin"]
[Result "0-1"]
[ECO "B23"]
[WhiteElo "1800"]
[BlackElo "2396"]
[Annotator "TA"]
[PlyCount "66"]
[EventDate "2022.07.20"]
[EventType "swiss"]
[EventCountry "CZE"]
[SourceTitle "playchess.com"]
[Source "ChessBase"]
[SourceQuality "1"]
[TimeControl "1200+10"]

1. e4 c5 2. Nc3 a6 3. f4 b5 4. Nf3 Bb7 5. d3 e6 6. Bd2 {[%emt 0:02:37] [#] B23: Closed Sicilian: Lines without g3.} Ne7 $146 ({Predecessor:} 6... Nc6 7. g3 b4 8. Na4 Qa5 9. b3 g6 10. a3 Bg7 11. axb4 cxb4 12. Bg2 Nge7 {1-0 (59) Sarra Bournet,M (1874)-Plante,R (2088) Quebec 2018}) 7. Qe2 d6 8. a3 {[%emt 0:00:22] The position is equal.} Nbc6 9. g3 g6 10. Bg2 Bg7 11. O-O O-O 12. Kh1 Rc8 13. Rae1 Nd4 14. Qd1 b4 15. Ne2 Nxf3 16. Bxf3 a5 17. c3 Qb6 18. axb4 axb4 19. cxb4 cxb4 ({Don't take} 19... Bxb2 20. Qb1 Ba3 21. bxc5 $16 (21. b5 d5 $11)) 20. Qb3 Nc6 21. Kg2 Rb8 22. Rc1 Ba6 23. Rfd1 Na5 24. Qc2 Rfc8 $36 {[%emt 0:00:07][%mdl 2048] Keeping White busy.} 25. Qb1 Nb3 {[%emt 0:00:06] Black is more active.} 26. Rxc8+ Rxc8 27. Qa2 (27. Be1 $17) 27... Nxd2 $19 28. Rxd2 {[%emt 0:00:01] [#]} b3 $1 29. Qb1 Qe3 30. Qd1 h5 31. d4 Bxe2 $2 (31... h4 $19 32. Nc3 Rxc3 33. bxc3 Qxc3) 32. Qxe2 $4 {[%emt 0:00:50][%mdl 8192] [#]} (32. Rxe2 $15 Qxd4 33. Qxb3) 32... Qxe2+ 33. Bxe2 (33. Rxe2 $142 Bxd4 34. Kh3) 33... Rc2 {[%emt 0:00:04] Weighted Error Value: White=0.57/Black=0.18 (very precise)} 0-1

[Event "Czech Open-Rapid 2022"]
[Site "Pardubice"]
[Date "2022.07.20"]
[Round "1.16"]
[White "Blatny, Pavel"]
[Black "Janko, Jan"]
[Result "1-0"]
[ECO "A01"]
[WhiteElo "2325"]
[BlackElo "1597"]
[Annotator "TA"]
[PlyCount "41"]
[EventDate "2022.07.20"]
[EventType "swiss"]
[EventCountry "CZE"]
[SourceTitle "playchess.com"]
[Source "ChessBase"]
[SourceQuality "1"]
[TimeControl "1200+10"]

1. b3 Nf6 2. Bb2 d5 3. e3 c5 4. f4 Nc6 5. Nf3 Bg4 6. Be2 {[#] A03: Bird's Opening with 1...d5.} Qd6 $146 ({Predecessor:} 6... g6 7. O-O Bxf3 8. Bxf3 Bg7 9. Kh1 O-O 10. d3 Re8 11. Nd2 e5 12. Rb1 Qc7 13. g3 {0-1 (34) Jobava,B (2603)-Kazakovskiy,V (2476) Chess.com INT 2021}) 7. Ne5 Bxe2 8. Qxe2 {White has an edge.} O-O-O $2 (8... e6 $11) 9. Nxf7 $18 Qd7 10. Nxh8 {[#] Nf7 is the strong threat.} e6 11. Bxf6 gxf6 12. Qh5 {Strongly threatening Nf7.} Bg7 13. Nf7 Rf8 14. Nh6 f5 15. c3 d4 16. O-O dxe3 17. dxe3 {White is clearly winning.} Qd3 18. Re1 Nb4 {[#]} 19. cxb4 Bxa1 20. bxc5 Bg7 21. Nf7 {Black did not feel at home in the position after the opening.  Weighted Error Value: White=0.03 (flawless) /Black=0.76} 1-0

[Event "Czech Open-Rapid 2022"]
[Site "Pardubice"]
[Date "2022.07.20"]
[Round "1.17"]
[White "Nespurek, Jan"]
[Black "Akesson, Ralf"]
[Result "1/2-1/2"]
[ECO "B47"]
[WhiteElo "1571"]
[BlackElo "2427"]
[Annotator "TA"]
[PlyCount "104"]
[EventDate "2022.07.20"]
[EventType "swiss"]
[EventCountry "CZE"]
[SourceTitle "playchess.com"]
[Source "ChessBase"]
[SourceQuality "1"]
[TimeControl "1200+10"]

1. e4 c5 2. Nf3 e6 3. d4 cxd4 4. Nxd4 Nc6 5. Nc3 Qc7 6. Nf3 a6 7. a3 Nf6 8. Bd3 b5 {B43: Sicilian: Kan Variation: 5 Nc3.} 9. Ne2 {[#]} Bb7 $146 ({Predecessor:} 9... d6 10. O-O Be7 11. Bg5 O-O 12. Ng3 Bb7 13. Rc1 Na5 14. b3 Nc6 15. Bf4 Qa5 {0-1 (56) Parraga,L-Asensio Cueto,J Spain 1993}) 10. Bf4 d6 11. Ng3 Be7 12. h3 O-O 13. O-O Rad8 14. Qe2 Nd7 15. a4 bxa4 16. Bxa6 Bxa6 17. Qxa6 Nc5 (17... Ra8 $5 18. Qc4 Rfc8 $15) 18. Qc4 {And now Qxc5 would win.} Qb6 19. Rfb1 d5 20. exd5 Rxd5 21. Ne4 Qb4 (21... Na5 $5 22. Qe2 Nxe4 23. Qxe4 a3 24. bxa3 Qc6 $11) 22. Qxb4 Nxb4 23. Nxc5 Rxc5 24. c3 (24. Rxa4 Rxc2 25. Ne1 Rc6 $15) 24... Nd5 25. Rxa4 Nxf4 26. Rxf4 Rb8 27. Nd2 $1 f5 {[#]} 28. Rc4 $1 Rd5 29. Nf3 e5 30. b4 Bf6 31. g4 e4 32. Nd4 fxg4 33. hxg4 Rg5 {[#]} 34. f3 (34. Kf1 $1 $16) 34... h5 (34... Bxd4+ 35. Rxd4 exf3 36. Kf2 $16) 35. Kf2 (35. Ne6 $5 Rgb5 36. gxh5 $16 (36. fxe4 Re5 $16) (36. Rxe4 Bxc3 37. gxh5 Bxb4 $14)) 35... hxg4 36. fxe4 g3+ (36... Be5 $16 {might work better.}) 37. Kg2 $18 Ra8 38. Rb2 {Inhibits Ra2.} Rh5 (38... Bxd4 {was necessary.} 39. Rxd4 (39. cxd4 Ra3 $18) 39... Kf7) 39. Nf3 {Strongly threatening b5.} (39. Kxg3 Rh6 40. Nc6 Bg5 $18) 39... Ra3 40. e5 $2 ({Don't take} 40. Kxg3 $6 Bxc3 41. Rb1 (41. Rc8+ Kf7 $16) 41... Rb5 $16) (40. Rc2 $18) 40... Bxe5 $16 41. Nxe5 (41. Rc8+ $16 Kf7 42. Nxe5+ Rxe5 43. b5 (43. Kxg3 Re3+ 44. Kf4 Rexc3 $11)) 41... Rxe5 $2 (41... Rh2+ $11 42. Kxg3 Rxb2) 42. Kxg3 $2 {[%mdl 4096] Endgame KRR-KRR} ({White must play} 42. b5 $18 Kf7 43. b6 (43. Kxg3 Re3+ 44. Kf4 Rexc3 $16)) 42... Re3+ $1 $11 {The position is equal.} 43. Kf4 Rexc3 44. Rxc3 Rxc3 {KR-KR} 45. b5 Kf7 46. b6 {b7 would kill now.} Rc8 $1 47. b7 Rb8 48. Ke5 {White wants to mate with Kd6.} Ke7 49. Rg2 Kd7 50. Rxg7+ Kc6 51. Kd4 Rxb7 52. Rxb7 Kxb7 {Weighted Error Value: White=0.21 (precise) /Black=0.18 (very precise)} 1/2-1/2

[Event "Czech Open-Rapid 2022"]
[Site "Pardubice"]
[Date "2022.07.20"]
[Round "1.18"]
[White "Mladek, Richard"]
[Black "Modrova, Hana"]
[Result "1-0"]
[ECO "A41"]
[WhiteElo "2330"]
[BlackElo "1803"]
[Annotator "TA"]
[PlyCount "66"]
[EventDate "2022.07.20"]
[EventType "swiss"]
[EventCountry "CZE"]
[SourceTitle "playchess.com"]
[Source "ChessBase"]
[SourceQuality "1"]
[TimeControl "1200+10"]

1. d4 d6 2. Nf3 Nf6 3. c4 Bg4 4. Nc3 c6 5. e4 Qa5 6. Bd3 {[%emt 0:02:00] A53: Old Indian Defence without Nf3.} e5 7. d5 Nbd7 8. h3 {White is slightly better.} Bh5 9. Bd2 {[%emt 0:01:52] [#]} Nc5 $146 ({Predecessor:} 9... c5 10. a3 Be7 11. O-O O-O 12. g3 Qd8 13. Kg2 Bxf3+ 14. Qxf3 Ne8 15. h4 a6 {0-1 (60) Zhao,X (2423)-Ivanov,S (2534) Moscow 2006}) 10. Qe2 Be7 (10... Nb3 $5) 11. O-O Qc7 12. Bc2 O-O 13. g4 Bg6 14. Kg2 Qd7 15. Rad1 {[%emt 0:01:37] [#]} ({White should try} 15. Ne1 $14) 15... Nxg4 $1 16. dxc6 (16. b4 Na6) 16... bxc6 {[%emt 0:00:12] ...Nf6 is the strong threat.} 17. Bc1 (17. b4 $11 Nb7 18. Bc1) 17... Nf6 (17... Qc8 $1 $17 {[%cal Oa8b8] aiming for ...Rb8!} 18. b4 Nb7 $1) 18. Nxe5 $11 Qe6 (18... Qb7 $11 {remains equal.} 19. Nxg6 hxg6) 19. Nxg6 fxg6 20. b4 Ncd7 {[%emt 0:00:38] [#]} (20... Nb7 $16) 21. f4 ({Better is} 21. c5 $1 $18 Kh8 22. f4) 21... Nb6 $2 {[%emt 0:03:00][%mdl 8192] Black cannot hold the game after this.} (21... a5 $16) 22. c5 $18 ({Resist} 22. e5 dxe5 23. fxe5 (23. Qxe5 Qxe5 24. fxe5 Bxb4 $11) 23... Nh5 $18) 22... dxc5 23. bxc5 Bxc5 24. Bb3 Nfd5 25. exd5 Qxe2+ 26. Nxe2 cxd5 27. Rxd5 Nxd5 28. Bxd5+ Kh8 29. Bxa8 Rxa8 30. Bb2 Re8 31. Be5 g5 32. Rc1 Be3 33. Rc7 Bxf4 {[%emt 0:00:52] Weighted Error Value: White=0.26 (precise) /Black=0.56} (33... gxf4 $142 34. Kf3 Kg8 35. Rxg7+ Kf8) 1-0

[Event "Czech Open-Rapid 2022"]
[Site "Pardubice"]
[Date "2022.07.20"]
[Round "1.19"]
[White "Henke, Georg"]
[Black "Seger, Ruediger"]
[Result "0-1"]
[ECO "A48"]
[WhiteElo "1566"]
[BlackElo "2299"]
[Annotator "TA"]
[PlyCount "50"]
[EventDate "2022.07.20"]
[EventType "swiss"]
[EventCountry "CZE"]
[SourceTitle "playchess.com"]
[Source "ChessBase"]
[SourceQuality "1"]
[TimeControl "1200+10"]

1. d4 Nf6 2. Nf3 g6 3. c4 Bg7 4. e3 O-O 5. Nc3 c5 6. Bd3 d5 7. b3 {[%emt 0:00:03] D94: Grünfeld: 4 Nf3 Bg7 5 e3.} (7. O-O $11) 7... Nc6 $15 8. O-O dxc4 {[%emt 0:00:08] [#]} 9. bxc4 $146 ({White should try} 9. Bxc4 $15 a6 10. Ne5 (10. dxc5 Ne4 $17)) ({Predecessor:} 9. Bxc4 Bg4 10. Ba3 cxd4 11. exd4 Qa5 12. Bb2 Rad8 13. Re1 Nxd4 14. Qc1 Bxf3 {0-1 (14) Garcia Padron,J (1973)-Fernandez Garcia,J (2450) Las Palmas 2005}) 9... cxd4 $17 10. exd4 Nxd4 {[%emt 0:00:03] And now ...Ng4 would win.} 11. Re1 (11. Rb1 $17 {might work better.}) 11... Bg4 12. Be2 Nxf3+ 13. Bxf3 Qxd1 14. Bxd1 Bxd1 15. Nxd1 e6 16. Ba3 Rfd8 17. Rb1 Rd7 18. Ne3 b6 19. c5 (19. Rbd1 $17) 19... bxc5 20. Bxc5 Ne4 21. Bb4 (21. Ba3 $17 {keeps fighting.}) 21... a5 $19 22. Ba3 Nc3 {[%emt 0:00:31] Against Rbd1} 23. Rb2 h5 (23... Rd4 $19 24. Be7 Rd3) 24. Nc4 (24. Rc2 $17) 24... Rad8 {[%emt 0:00:17] [#] aiming for ...Rd1.} 25. Rc2 $2 (25. g3 $17) 25... Rd1 {[%emt 0:00:25] Weighted Error Value: White=0.80/Black=0.17 (very precise)} 0-1

[Event "Czech Open-Rapid 2022"]
[Site "Pardubice"]
[Date "2022.07.20"]
[Round "1.20"]
[White "Strebkovs, Andrejs"]
[Black "Alieksieienko, Mykhail"]
[Result "1-0"]
[ECO "A46"]
[WhiteElo "2283"]
[BlackElo "1610"]
[Annotator "TA"]
[PlyCount "155"]
[EventDate "2022.07.20"]
[EventType "swiss"]
[EventCountry "CZE"]
[SourceTitle "playchess.com"]
[Source "ChessBase"]
[SourceQuality "1"]
[TimeControl "1200+10"]

1. d4 Nf6 2. Nf3 d5 3. c3 c6 4. Bg5 Ne4 5. Bf4 Bf5 6. Nbd2 {[%emt 0:00:43] D03: 1 d4 d5 2 Nf3 Nf6 3 Bg5, including Torre Attack with early ...d5.} Nd7 {[%emt 0:00:20][%cal Og7g5] was the old line (6...e6).} 7. e3 e6 8. Qb3 {[%emt 0:00:18] The position is equal.} Qb6 9. Nxe4 Bxe4 10. Be2 Be7 11. Nd2 Bg6 {[%emt 0:01:06] [#]} ({Don't play} 11... Bxg2 12. Rg1 Bh3 13. Rxg7 $11) 12. f3 $146 ({Predecessor:} 12. O-O O-O 13. Rfc1 c5 14. Bf3 Rac8 15. h3 Qa6 16. Qd1 Rfd8 17. Nb3 b6 18. Be2 {0-1 (42) Michos,T (2264)-Mastrovasilis,D (2562) Athens 2006}) 12... Qxb3 13. axb3 O-O 14. O-O (14. b4 $14) 14... c5 $11 15. Bb5 Nf6 16. g4 a6 17. Be2 Nd7 18. Bg3 cxd4 19. exd4 f5 20. b4 fxg4 21. fxg4 Bg5 22. Nb3 Be3+ 23. Kg2 {[%emt 0:00:46] next Bf3 is good for White.} Be4+ 24. Bf3 Bxf3+ (24... Rxf3 $1 $11 {keeps the balance.} 25. Rxf3 Rf8) 25. Rxf3 $16 Rxf3 26. Kxf3 Bg5 27. Re1 Kf7 28. Ra1 (28. h4 $16 Be7 29. g5) 28... Be7 (28... Kg8 $1 $11) 29. Na5 b5 30. Nc6 Nb6 (30... Bf6 $142) 31. Be1 {[%emt 0:01:16] White is more active.} ({White should try} 31. Ne5+ $16 Kg8 32. Nd3) 31... Bd6 32. Bg3 (32. h4 $14) 32... Nc4 (32... Be7 $11 {remains equal.}) 33. Bxd6 (33. b3 {with more complications.} Nd2+ 34. Ke3 Ne4 35. Be5) 33... Nxd6 {[%emt 0:00:04][%mdl 4096] Endgame KRN-KRN} 34. Ne5+ Ke7 35. Nd3 Ne4 36. Ke3 g5 37. h4 (37. Nc5 $16) 37... h6 (37... gxh4 $14 38. Rh1 h5) 38. hxg5 hxg5 39. Rh1 {[%emt 0:00:06] Prevents Rh8.} (39. Kf3 $16) 39... Rf8 $11 40. Ne5 {[%emt 0:00:56] Hoping for Ng6+.} Rf2 $1 41. Rh7+ Ke8 42. Ra7 Rxb2 43. Rxa6 Nxc3 44. Rxe6+ Kf8 45. Rc6 Nd1+ 46. Kf3 Rxb4 47. Rf6+ Kg7 48. Rg6+ Kh7 49. Rxg5 Rxd4 50. Nd7 {[%emt 0:00:09] Intending Nf6+ and mate.} Kh6 $2 {[%mdl 8192] [#]} (50... Nc3 $11) 51. Rg8 $1 $18 {[%emt 0:00:09] Threatening mate with Nf6.} b4 52. Nf6 Rd3+ {[%emt 0:00:15] [#]} 53. Kf4 $1 ({Less strong is} 53. Ke2 Re3+ 54. Kxd1 Re5 $16) 53... Rd4+ 54. Ke5 Re4+ 55. Nxe4 dxe4 56. Kxe4 {[%emt 0:00:14] KR-KN} b3 57. Kf5 b2 58. g5+ Kh7 59. Rb8 Ne3+ 60. Kf6 $2 (60. Kf4 {mates} Nc4 61. Kg4 Kg6 62. Kh4 Nd6 63. Rxb2 Nf5+ 64. Kg4 Ne7 65. Rb6+ Kg7 66. Kh5) 60... Nd5+ $2 {[%emt 0:00:02][%mdl 8192] This costs Black the game.} (60... Ng4+ $11 61. Kf5 Ne3+ 62. Kf4 Nc4) 61. Ke6 {[%emt 0:00:14] White mates.} Nf4+ 62. Kf7 Ng6 63. Rxb2 Ne5+ 64. Kf6 Ng4+ 65. Kf5 Ne3+ 66. Ke4 Nc4 67. Rc2 Nd6+ 68. Ke5 Nf7+ 69. Kf6 Nxg5 70. Kxg5 {[%emt 0:00:03] KR-K} Kg7 71. Rc7+ Kf8 72. Kf6 Ke8 73. Re7+ Kf8 74. Ke6 Kg8 75. Rf7 Kh8 76. Kf6 Kg8 77. Kg6 Kh8 78. Rf8# {Weighted Error Value: White=0.28 (precise) /Black=0.55} 1-0

[Event "Czech Open-Rapid 2022"]
[Site "Pardubice"]
[Date "2022.07.20"]
[Round "1.21"]
[White "Babula, Matej"]
[Black "Krak, Tomas"]
[Result "0-1"]
[ECO "B57"]
[WhiteElo "1748"]
[BlackElo "2312"]
[Annotator "TA"]
[PlyCount "68"]
[EventDate "2022.07.20"]
[EventType "swiss"]
[EventCountry "CZE"]
[SourceTitle "playchess.com"]
[Source "ChessBase"]
[SourceQuality "1"]
[TimeControl "1200+10"]

1. e4 c5 2. Nf3 Nc6 3. d4 cxd4 4. Nxd4 Nf6 5. Nc3 d6 6. Bc4 Bd7 7. Be3 Ng4 $1 {[%emt 0:02:09] 7...Ng4 scores better than 7...g6.} 8. Qd2 {[%emt 0:03:03] B57: Classical Sicilian: Sozin with 6...Qb6.} ({Much worse is} 8. Qf3 Nce5 9. Qe2 Nxe3 10. fxe3 Rc8 $15) ({White should play} 8. Nxc6 $14 bxc6 9. Bd2 (9. Qf3 Ne5 $11)) 8... Nxe3 $11 9. Qxe3 Qb6 10. O-O-O {[%emt 0:01:05] Black has an edge.} Nxd4 11. Qxd4 Qxd4 12. Rxd4 g6 13. e5 (13. Bb5 $11) 13... Bg7 $17 14. f4 Bc6 15. Re1 {[%emt 0:04:21] [#]} dxe5 $146 ({Predecessor:} 15... O-O 16. Nd5 Bxd5 17. Rxd5 dxe5 18. fxe5 Rac8 19. Bb3 e6 20. Rd7 Rb8 21. c4 Rfd8 22. Rd6 Bf8 23. Rxd8 Rxd8 24. Kc2 Bg7 25. Kc3 b6 26. Ba4 h5 {½-½ (26) Morris,C (1910)-Powell,A (2026) Telford 2005}) 16. fxe5 O-O (16... Bxg2 $17 {White should prevent ...0-0.} 17. Bb5+ Kf8) 17. g3 (17. Bd5 $11) 17... Rad8 18. Rxd8 {[%emt 0:01:40] White is on the road to losing.} Rxd8 19. e6 (19. Bb5 $17) 19... f5 $19 20. Rd1 (20. a3 {was called for.}) 20... Rxd1+ 21. Kxd1 (21. Nxd1 {was the only chance.} Bh6+ 22. Kb1) 21... Bxc3 22. bxc3 {[%emt 0:00:02][%mdl 4096] Endgame KB-KB} Kg7 23. Ke2 Kf6 24. Ke3 Ke5 25. a3 Bd5 26. Be2 Bxe6 27. h4 h6 28. a4 $2 {[%emt 0:00:54] [#]} (28. Bb5 g5 29. hxg5 hxg5 30. Bf1) 28... a5 {[%emt 0:00:17] Black is clearly winning.} 29. Bb5 g5 30. hxg5 hxg5 31. Kf3 Bd5+ 32. Ke3 Bc6 {[%emt 0:00:09] [#] ( -> ...f4+)} 33. c4 Bxb5 34. cxb5 Kd5 {[%emt 0:00:06] Weighted Error Value: White=1.06/Black=0.07 (flawless)} (34... Kd6 $142 35. Kd4 e5+ 36. Kc4 g4) 0-1